 Dungeon Crawl Stone Soup version 0.21.1-1-g345015f (webtiles) character file.

854 homeworkjunkie the Cleaver (level 8, 0/69 HPs)
             Began as a Hill Orc Fighter on Feb 26, 2018.
             Slain by KMICIC's ghost (17 damage)
             ... on level 4 of the Dungeon.
             The game lasted 00:07:15 (4046 turns).

homeworkjunkie the Cleaver (Hill Orc Fighter)       Turns: 4046, Time: 00:07:15

Health: 0/69       AC:  9    Str: 20    XL:     8   Next: 1%
Magic:  8/8        EV:  9    Int:  8    God:
Gold:   258        SH: 10    Dex: 11    Spells: 7/7 levels left

rFire    . . .     SeeInvis .   j - +3 war axe (venom)
rCold    . . .     Gourm    .   c - +0 shield
rNeg     . . .     Faith    .   d - +2 troll leather armour {Purgy}
rPois    .         Spirit   .   b - +0 helmet (curse)
rElec    .         Reflect  .   p - +0 cloak
rCorr    .         Harm     .   (no gloves)
MR       .....     Rnd*Tele +   (no boots)
Stlth    +.........             (no amulet)
HPRegen  0.61/turn              m - ring of teleportation (curse)
MPRegen  0.11/turn              (no ring)

@: hasted, very quick
A: no striking features
a: no special abilities


You were on level 4 of the Dungeon.
You were not hungry.

You visited 2 branches of the dungeon, and saw 7 of its levels.

You collected 258 gold pieces.

Inventory:

Hand Weapons
 j - a +3 war axe of venom (weapon)
Armour
 b - a cursed +0 helmet (worn)
 c - a +0 shield (worn)
 d - a +2 troll leather armour (worn) {Purgy}
 p - a +0 cloak (worn)
Jewellery
 m - a cursed ring of teleportation (left hand)
Scrolls
 l - a scroll of magic mapping
 r - a scroll of blinking
Potions
 a - a potion of degeneration {unknown}
 g - a potion of mutation
 h - 2 potions of curing
 i - a potion of heal wounds {unknown}
 k - a potion of lignification {unknown}
 n - a potion of brilliance {unknown}
 o - a potion of berserk rage {unknown}
Comestibles
 f - 8 rations


   Skills:
 * Level 5.4 Fighting
 * Level 8.0 Axes
 * Level 5.1 Armour
 + Level 1.3 Dodging
 * Level 5.2 Shields


You had 7 spell levels left.
You didn't know any spells.

Dungeon Overview and Level Annotations

Branches:
Dungeon (6/15)             Temple (1/1) D:4

Altars:
Ashenzari
Cheibriados
Dithmenos
Fedhas
Gozag
Hepliaklqana
Kikubaaqudgha
Makhleb
Qazlal
Ru
Sif Muna
Trog
Uskayaw
Vehumet
Wu Jian
Xom
Yredelemnul
Zin
The Shining One

Annotations:
D:4 KMICIC's ghost, novice MfBe


Message History

You are too injured to fight recklessly!
You are too injured to fight recklessly!
You are too injured to fight recklessly!
You are too injured to fight recklessly!
You are too injured to fight recklessly!
You are too injured to fight recklessly!
You are too injured to fight recklessly!
You are too injured to fight recklessly!
You are too injured to fight recklessly!
You are too injured to fight recklessly!
You hit KMICIC's ghost.
KMICIC's ghost is heavily damaged.
Your shield prevents you from hitting KMICIC's ghost.
KMICIC's ghost is heavily damaged.
KMICIC's ghost hits you!!
* * * LOW HITPOINT WARNING * * *
You hit KMICIC's ghost.
KMICIC's ghost is heavily damaged.
KMICIC's ghost hits you!
You die...

######...................[[...
####....#.##########.....###)##..
#.#...........#...##.##### #.#...
#.#.....#.###.#.#.##.#######.#...
#...)...#.###.#.#.##............#
#.#.....#.#.....#.##..#######...#
.................................
.......<###.###W..<...###<......#
.####..#..#.# #.@.#...###########
..........### #....#####.......#.
.####.....## #....# ###.#####.#.
>..........# ##.P.# #...........
#######.^..# #PP.# ###..#.##.##
#######....# ##.## #...#.#....
..........## ##.# ##.....#..##
.#######..## #.## #....#.#..## .#
#...# ##.# ###.####....


You could see KMICIC's ghost.

Vanquished Creatures
  An orc warrior (D:6)
  Purgy (D:3)
  An ogre (D:4)
  A gnoll sergeant (D:5)
  A hound (D:4)
  A jelly (D:6)
  Crazy Yiuf (D:4)
  An orc priest (D:4)
  3 orc wizards
  A bullfrog skeleton (D:5)
  An iguana (D:5)
  2 worker ants
  A hound zombie (D:6)
  A worker ant zombie (D:6)
  3 gnolls (D:5)
  7 adders
  An ooze (D:3)
  An adder zombie (D:6)
  A worm (D:2)
  6 leopard geckos
  7 orcs
  5 bats
  3 giant cockroaches
  9 goblins
  7 hobgoblins
  2 quokkas (D:4)
  4 ball pythons
  2 frilled lizards (D:4)
  12 kobolds
  9 rats
  A bush (D:4)
  A fungus (D:4)
98 creatures vanquished.

Notes
Turn   | Place    | Note
-------+----------+-------------------------------------------
     0 | D:1      | homeworkjunkie the Hill Orc Fighter began the quest for the Orb.
     0 | D:1      | Reached XP level 1. HP: 19/19 MP: 1/1
   486 | D:1      | Reached XP level 2. HP: 27/27 MP: 2/2
   792 | D:2      | Reached XP level 3. HP: 33/33 MP: 3/3
   798 | D:2      | Reached skill level 3 in Axes
   972 | D:3      | Noticed Purgy
   980 | D:3      | Killed Purgy
   980 | D:3      | Reached skill level 4 in Axes
   980 | D:3      | Reached XP level 4. HP: 40/40 MP: 4/4
   980 | D:3      | Reached XP level 5. HP: 46/46 MP: 5/5
  1115 | D:4      | Noticed KMICIC's ghost (novice MfBe)
  1245 | D:3      | Found a hazy altar of Hepliaklqana.
  1467 | D:3      | Reached skill level 5 in Axes
  2470 | D:1      | Reached XP level 6. HP: 53/53 MP: 6/6
  2857 | D:5      | Entered Level 5 of the Dungeon
  2862 | D:5      | Identified a scroll of acquirement
  2958 | D:6      | Reached skill level 1 in Dodging
  2963 | D:6      | Noticed an orc warrior
  2971 | D:6      | Reached skill level 6 in Axes
  2977 | D:6      | Killed an orc warrior
  2977 | D:6      | Reached XP level 7. HP: 29/60 MP: 7/7
  2979 | D:6      | Reached skill level 5 in Fighting
  3071 | D:5      | Reached skill level 7 in Axes
  3071 | D:5      | Reached skill level 5 in Shields
  3303 | D:4      | Reached skill level 5 in Armour
  3667 | D:4      | Found a staircase to the Ecumenical Temple.
  3768 | Temple   | Entered the Ecumenical Temple
  4008 | D:4      | Found a runed door.
  4012 | D:4      | Noticed Crazy Yiuf
  4019 | D:4      | Killed Crazy Yiuf
  4019 | D:4      | Reached skill level 8 in Axes
  4019 | D:4      | Reached XP level 8. HP: 57/69 MP: 8/8
  4046 | D:4      | Slain by KMICIC's ghost

Skill      XL: |  1  2  3  4  5  6  7 |
---------------+----------------------+-----
Axes           | 4 5 6 8 |  8.0
Fighting       | 4 5 |  5.4
Armour         | 4 5 |  5.1
Shields        | 4 5 |  5.2
Dodging        | 1 |  1.3

Action                   |  1- 3 |  4- 6 |  7- 9 || total
-------------------------+-------+-------+-------++-------
Melee: War axe           |    72 |   147 |    72 ||   291
  Use: Potion            |     1 |     2 |     2 ||     5
       Scroll            |       |    14 |     2 ||    16
 Stab: Sleeping          |       |       |     1 ||     1
  Eat: Ration            |       |     2 |     2 ||     4
Armor: Scale mail        |    43 |       |       ||    43
       Troll leather arm |       |    33 |     5 ||    38
Dodge: Dodged            |    34 |    70 |    23 ||   127
Block: Shield            |    47 |   101 |    25 ||   173
